 Dungeon Sprint DCSS version 0.30-a0-972-gf3ab3527aa (webtiles) character file.

Game seed: 4950220802396911731

98 BigDaddyOpFi the Sneak (level 4, -2/27 HPs)
             Began as an Octopode Earth Elementalist on Mar 31, 2023.
             Was a Priest of Vehumet.
             Slain by an orc warrior
             ... wielding a +0 halberd
              (8 damage)
             ... in the Dungeon (Sprint VII: "The Pits").
             The game lasted 00:01:33 (521 turns).

BigDaddyOpFi the Sneak (Octopode Earth Elementalist) Turns: 521, Time: 00:01:34

Health: -2/27      AC:  1    Str:  7    XL:     4   Next: 69%
Magic:  6/10       EV: 14    Int: 19    God:    Vehumet [***...]
Gold:   0          SH:  0    Dex: 12    Spells: 10/11 levels left

rFire   . . .      SeeInvis .    h - +2 hand axe
rCold   . . .      Faith    .    (no shield)
rNeg    . . .      Spirit   .    (helmet restricted)
rPois   .          Reflect  .    (no amulet)
rElec   .          Rampage  .    (no ring)
rCorr   .          NoTele   +    (no ring)
Will    .....                    (no ring)
Stlth   ++++                     (no ring)
HPRegen 0.24/turn                (no ring)
MPRegen 0.12/turn                (no ring)
                                 (no ring)
                                 (no ring)

@: lethally poisoned (-2 -> -8)
A: almost no armour, amphibious, 8 rings, camouflage 1, gelatinous body 1,
(nimble swimmer 1), tentacles
a: Renounce Religion


You were in the Dungeon.
You worshipped Vehumet.
Vehumet was most pleased with you.
You visited 1 branch

Inventory:

Hand Weapons
 h - a +2 hand axe (weapon)
 i - a +0 hand axe of freezing
Armour
 j - a +3 chain mail
Scrolls
 f - a scroll of blinking
Potions
 a - 4 potions of magic
 b - 4 potions of curing
 c - 6 potions of heal wounds
 d - a potion of haste
 e - 3 potions of berserk rage
 g - 2 potions of invisibility


   Skills:
 + Level 4.3 Dodging
 + Level 6.1 Stealth
 + Level 4.0 Spellcasting
 + Level 3.9 Transmutations
 + Level 4.9 Earth Magic


You had 10 spell levels left.
You knew the following spells:

 Your Spells              Type           Power      Damage    Failure   Level
a - Sandblast             Erth           44%        2d11      1%          1

Your spell library contained the following spells:

 Spells                   Type           Power      Damage    Failure   Level
 Kiss of Death            Conj/Necr      12%        2d6       4%          1
 Passwall                 Tmut/Erth      16%        N/A       3%          2
 Stone Arrow              Conj/Erth      26%        3d8       4%          3
 Petrify                  Tmut/Erth      20%        N/A       22%         4


Dungeon Overview and Level Annotations

Branches:
Dungeon (1/1)

Altars:
Ashenzari
Cheibriados
Dithmenos
Elyvilon
Fedhas
Gozag
Hepliaklqana
Kikubaaqudgha
Makhleb
Nemelex Xobeh
Okawaru
Qazlal
Ru
Sif Muna
Trog
Uskayaw
Vehumet
Wu Jian
Xom
Yredelemnul
Zin
The Shining One
Jiyva
Lugonu


Innate Abilities, Weirdness & Mutations

You cannot wear most types of armour.
You are amphibious.
You can wear up to eight rings at the same time.
Your skin changes colour to match your surroundings (Stealth+).
Your rubbery body absorbs attacks. (AC +1, EV +1)
((You are camouflaged when in or above water. (Stealth+)))
You have tentacles for arms and can constrict up to eight enemies at once.


Message History

You feel better. The water moccasin bites you.
You are poisoned.
The water moccasin poisons you! The orc warrior barely misses you.
Aiming: Sandblast (safe; 1% risk of failure)
Press: ? - help, Q - select action Shift-Dir - straight line, f/p - water moccasin
Aim: a water moccasin (heavily wounded, 72% to hit)
The blast of sand hits the water moccasin but does no damage.
The water moccasin is heavily wounded.
You feel very sick. The water moccasin closely misses you.
The orc warrior closely misses you. The water moccasin bites you.
The orc warrior closely misses you.
Aiming: Sandblast (safe; 1% risk of failure)
Press: ? - help, Q - select action Shift-Dir - straight line, f/p - water moccasin
Aim: a water moccasin (heavily wounded, 72% to hit)
Okay, then.
Okay, then.
You feel better. The water moccasin barely misses you.
The orc warrior barely misses you. The water moccasin bites you.
You are poisoned.
The water moccasin poisons you!
Aiming: Sandblast (safe; 1% risk of failure)
Press: ? - help, Q - select action Shift-Dir - straight line, f/p - water moccasin
Aim: a water moccasin (heavily wounded, 72% to hit)
The blast of sand hits the water moccasin!
The water moccasin is almost dead.
You feel very sick. The water moccasin misses you.
The orc warrior barely misses you. The water moccasin bites you.
Aiming: Sandblast (safe; 1% risk of failure)
Press: ? - help, Q - select action Shift-Dir - straight line, f/p - water moccasin
Aim: a water moccasin (almost dead, 72% to hit)
The blast of sand misses the water moccasin.
The blast of sand misses the quokka.
The blast of sand hits the orc priest!
The orc priest is heavily wounded.
You feel very sick. The water moccasin bites you!
* * * LOW HITPOINT WARNING * * *
The orc warrior hits you from afar with a +0 halberd!
You die...

#'#####'#####.....
#.#[.#.....##.....
#.#))#####)#####'#
#.#))#.....##.....
#.#.)#.....##.....
#.#..###'####.....
#.##'#..†.)##...<.
#.#........##.....
#@#........##.....
#S###########.....
#ro# ######


#ohJ. ##.#.# ...). .#.#.# ... ..# .# # .+ You could see an orc warrior, a water
moccasin, a hound, an orc priest, an endoplasm and a quokka.

Vanquished Creatures
  A crimson imp (D)
  A hound (D)
  2 adders (D)
  An ufetubus (D)
  2 orcs (D)
  A bat skeleton (D)
  A bat zombie (D)
  An endoplasm (D)
  A goblin (D)
11 creatures vanquished.

Notes
Turn   | Place    | Note
-------+----------+-------------------------------------------
     0 | D        | BigDaddyOpFi the Octopode Earth Elementalist began the
                  | quest for the Orb.
     0 | D        | Reached XP level 1. HP: 11/11 MP: 3/3
    12 | D        | Reached skill level 3 in Stealth
    12 | D        | Reached XP level 2. HP: 17/17 MP: 1/5
    17 | D        | Found a bloodstained altar of Trog.
    17 | D        | Found a shimmering blue altar of Sif Muna.
    17 | D        | Found a viscous altar of Jiyva.
    17 | D        | Found a hazy altar of Hepliaklqana.
    17 | D        | Found an opulent altar of Gozag.
    18 | D        | Found a glowing golden altar of the Shining One.
    18 | D        | Found a glowing silver altar of Zin.
    18 | D        | Found a basalt altar of Yredelemnul.
    18 | D        | Found a shimmering altar of Xom.
    18 | D        | Found an ornate altar of the Wu Jian Council.
    18 | D        | Found a sacrificial altar of Ru.
    18 | D        | Found a stormy altar of Qazlal.
    18 | D        | Found an iron altar of Okawaru.
    18 | D        | Found a sparkling altar of Nemelex Xobeh.
    18 | D        | Found a burning altar of Makhleb.
    18 | D        | Found a blossoming altar of Fedhas.
    18 | D        | Found a white marble altar of Elyvilon.
    18 | D        | Found a shadowy altar of Dithmenos.
    18 | D        | Found a snail-covered altar of Cheibriados.
    19 | D        | Found a radiant altar of Vehumet.
    19 | D        | Found a corrupted altar of Lugonu.
    20 | D        | Found a hide-covered altar of Uskayaw.
    20 | D        | Found an ancient bone altar of Kikubaaqudgha.
    20 | D        | Found a broken altar of Ashenzari.
    27 | D        | Became a worshipper of Vehumet
    63 | D        | Reached skill level 4 in Stealth
   292 | D        | Reached * piety under Vehumet
   292 | D        | Offered knowledge of Freeze by Vehumet.
   302 | D        | Reached XP level 3. HP: 20/21 MP: 2/7
   302 | D        | Reached ** piety under Vehumet
   456 | D        | Offered knowledge of Kiss of Death by Vehumet.
   457 | D        | Reached skill level 5 in Stealth
   457 | D        | Reached XP level 4. HP: 26/27 MP: 4/9
   510 | D        | Noticed a water moccasin
   510 | D        | Noticed an orc warrior
   512 | D        | Reached *** piety under Vehumet
   513 | D        | Reached skill level 6 in Stealth
   521 | D        | Slain by an orc warrior

Illustrated notes

Levels and vault maps discovered:
D:        pitsprint [storerooms_1, entrance_room_1, metal_vault_5, armoury_3,
          mini_pit_1, grid_room_1, main_hall_1, silver_pit, the_coven_3,
          the_vestibule_1, steel_vault_1, golden_pit, hallway_of_sentries,
          crystal_vault_1, iron_vault_1, final_vault]

Skill      XL: |  1  2  3  4 |
---------------+-------------+-----
Stealth        | 3 4 5 6 |  6.1
Transmutations | 2 3 |  3.9
Dodging        | 3 4 |  4.3
Spellcasting   | 3 4 |  4.0
Earth Magic    | 4 |  4.9

Action                     |  1- 3 |  4- 6 || total
---------------------------+-------+-------++-------
   Cast: Sandblast         |    16 |     9 ||    25
    Use: Potion            |       |     3 ||     3
 Armour: Skin              |     1 |       ||     1
  Dodge: Dodged            |     9 |    21 ||    30

Table legend: (Time is in decaauts)
 A = Elapsed time spent in this place.
 B = Non-inter-level travel time spent in this place.
 C = Inter-level travel time spent in this place.
 D = Time resting spent in this place.
 E = Time spent auto-exploring this place.
 F = Levels seen in this place.
 G = Mean time per level.
                   A        B        C        D        E       F      G
               +--------+--------+--------+--------+--------+-----+--------+
         Total |    532 |    512 |     20 |    366 |      0 |   1 |  532.0 |
       Dungeon |    532 |    512 |     20 |    366 |      0 |   1 |  532.0 |
               +--------+--------+--------+--------+--------+-----+--------+

Top non-repeatable levels by time:
       D: 532 daAuts
